 Dungeon Crawl Stone Soup version 0.32-a0-131-g9dbbe29261 (webtiles) character file.

Game seed: 17312632353489911333

7406 grandjackal the Fighter (level 10, -6/85 HPs)
             Began as a Demonspawn Gladiator on Feb 8, 2024.
             Was an Initiate of Qazlal.
             Killed from afar by a gargoyle (22 damage)
             ... with a stone arrow
             ... on level 10 of the Dungeon.
             The game lasted 00:10:00 (8427 turns).

grandjackal the Fighter (Demonspawn Gladiator)      Turns: 8427, Time: 00:10:01

Health: -6/85      AC: 11    Str: 17    XL:     10   Next: 92%
Magic:  13/13      EV: 10    Int: 12    God:    Qazlal [......]
Gold:   570        SH: 11    Dex: 17    Spells: 9/9 levels left

rFire   + + .        g - +9 hand axe "Yjeluat" {flame, rN+++ Int+4}
rCold   . . .        o - +0 kite shield
rNeg    + + +        v - +2 ring mail {rF+}
rPois   +            (helmet restricted)
rElec   .            c - +0 cloak
rCorr   .            (no gloves)
SInv    .            (no boots)
Will    .....        (no amulet)
Stlth   +            F - ring of poison resistance
HPRegen 0.34/turn    y - ring of protection from fire
MPRegen 0.13/turn

%: no passive effects
@: no status effects
A: horns 1, molten scales 2, demonic guardian 3, powered by death 2
a: Renounce Religion


You were on level 10 of the Dungeon.
You worshipped Qazlal.
Qazlal was noncommittal.
You visited 2 branches of the dungeon, and saw 11 of its levels.

You collected 570 gold pieces.

Inventory:

Hand Weapons
 a - a +0 long sword
 g - the +9 hand axe "Yjeluat" (weapon) {flame, rN+++ Int+4}
   (You found it on level 6 of the Dungeon)

   Int+4:     It affects your intelligence (+4).
   rN+++:     It renders you almost immune to negative energy.
 k - a +0 dagger of venom
 l - a +0 rapier
Missiles
 d - 3 throwing nets (quivered)
 e - 7 javelins
Armour
 c - a +0 cloak (worn)
 o - a +0 kite shield (worn)
 v - a +2 ring mail of fire resistance (worn)
Jewellery
 r - a ring of protection from cold
 y - a ring of protection from fire (right hand)
 F - a ring of poison resistance (left hand)
Wands
 w - a wand of paralysis (12)
 B - a wand of polymorph (18)
 G - a wand of flame (9)
Scrolls
 b - 3 scrolls of poison {unknown}
 f - 2 scrolls of blinking {unknown}
 i - 5 scrolls of teleportation {unknown}
 j - a scroll of amnesia {unknown}
 p - 3 scrolls of fear {unknown}
 s - 2 scrolls of fog {unknown}
 C - 2 scrolls of enchant weapon {unknown}
 D - a scroll of noise {unknown}
 E - a scroll of revelation {unknown}
 K - a scroll of acquirement {unknown}
Potions
 h - 4 potions of curing
 m - 2 potions of haste
 q - a potion of attraction
 t - a potion of berserk rage
 u - a potion of resistance
 x - a potion of degeneration {unknown}
 z - a potion of brilliance
 A - 3 potions of invisibility {unknown}
 H - 2 potions of heal wounds {unknown}
 I - 2 potions of magic {unknown}
 J - a potion of lignification {unknown}
 L - a potion of might {unknown}


   Skills:
 + Level 9.9 Fighting
 - Level 6.0 Long Blades
 + Level 6.7 Axes
 - Level 2.0 Throwing
 - Level 3.0 Dodging
 + Level 8.4 Shields
 + Level 4.4 Invocations


You had 9 spell levels left.
You didn't know any spells.
Your spell library contained the following spells:

 Spells                   Type           Power      Damage    Failure   Level
 Lesser Beckoning         Tloc           0%         N/A       91%         2
 Dazzling Flash           Conj/Hex       0%         N/A       99%         3
 Gell's Gravitas          Tloc           0%         N/A       99%         3
 Mephitic Cloud           Conj/Alch/Air  0%         N/A       99%         3
 Teleport Other           Tloc           0%         N/A       99%         3
 Curse of Agony           Necr           0%         N/A       100%        5
 Silence                  Hex/Air        0%         N/A       100%        5


Dungeon Overview and Level Annotations

Branches:
Dungeon (10/15)            Temple (1/1) D:6
   Lair: D:8-11         Orc: D:9-12

Altars:
Ashenzari
Cheibriados
Dithmenos
Fedhas
Gozag
Hepliaklqana
Kikubaaqudgha
Makhleb
Nemelex Xobeh
Okawaru
Qazlal
Ru
Sif Muna
Trog
Uskayaw
Vehumet
Wu Jian
Xom
Yredelemnul

Shops:
D:1 (   D:2 :

Annotations:
D:6 1 runed translucent door, DaftaChap's ghost, novice GnCA
D:7 2 transporters, gosagan's ghost, novice DgHu


Innate Abilities, Weirdness & Mutations

You have a pair of small horns on your head.
You are mostly covered in molten scales. (AC +3)
A powerful demonic guardian rushes to your aid.
You regenerate health from kills.


Message History

The komodo dragon barely misses you.
You hit the komodo dragon. You burn the komodo dragon.
The komodo dragon is moderately wounded.
You block the komodo dragon's attack.
You barely miss the komodo dragon.
You headbutt the komodo dragon, but do no damage.
The komodo dragon is moderately wounded.
You block the komodo dragon's attack.
You hit the komodo dragon. You burn the komodo dragon.
The komodo dragon is heavily wounded.
You hit the gargoyle. You burn the gargoyle. The gargoyle closely misses you.
The komodo dragon bites you!!
You are too injured to fight recklessly!
You are too injured to fight recklessly!
You slash the komodo dragon! You burn the komodo dragon.
The komodo dragon is severely wounded.
You slash the gargoyle! You burn the gargoyle. The gargoyle closely misses you.
The komodo dragon bites you!!
* * * LOW HITPOINT WARNING * * *
The gargoyle hurls a stone arrow at you.
You block the stone arrow.
You hit the komodo dragon. You burn the komodo dragon.
The komodo dragon is almost dead.
You hit the gargoyle but do no damage. You block the komodo dragon's attack.
The gargoyle closely misses you.
Unknown command.
You hit the komodo dragon. You burn the komodo dragon.
You kill the komodo dragon!
Qazlal accepts your kill.
You hit the gargoyle. You burn the gargoyle.
The gargoyle hurls a stone arrow at you.
The stone arrow hits you.
* * * LOW HITPOINT WARNING * * *
A demonic guardian appears!
You hit the gargoyle but do no damage.
The gargoyle is severely damaged.
Your sun demon hits the gargoyle but does no damage.
The gargoyle hurls a stone arrow at you.
The stone arrow hits you!!
You die...

#.# #.......#...Y3..l...... #.#
#.......§§#...).....l..
##.###..#.####.####).9......
#...........##.## #.#.......
#.#.........##..##..#/......
#.#.........###.##.....K...#
#.#..........##..#..........
#.#.........†.......!.......
#.#........@##.)............
##.##...#....9......#........
#####..#........3..#..####.......
#...>..)............[.# .
#.....)).............#..
#......)...............##
#.<...............#.##..
#.[.....#...#........ .##
#.......###########9## #


You could see a gargoyle (ally target) and a friendly sun demon (summoned).

Vanquished Creatures
  A two-headed ogre (D:8)
  A deep elf pyromancer (D:10)
  A gargoyle (D:10)
  A komodo dragon (D:10)
  Eustachio (D:5)
  7 yaks
  2 steam dragons
  An orc warrior (D:7)
  A black bear (D:4)
  An ogre (D:6)
  2 centaurs
  A kobold brigand (D:10)
  A bullfrog (D:9)
  2 gnoll sergeants (D:8)
  2 scorpions
  5 wights (D:9)
  A jelly (D:7)
  5 howler monkeys
  A bombardier beetle (D:7)
  A quasit (D:8)
  3 hounds
  4 orc priests
  Natasha (thrice) (D:3)
  An iguana (D:5)
  4 orc wizards
  5 gnolls (D:8)
  An adder (D:2)
  A shadow imp (D:5)
  4 white imps
  4 ufetubi
  A ribbon worm (D:2)
  18 orcs
  2 ball pythons
  3 bats (D:1)
  5 endoplasms
  2 giant cockroaches
  14 goblins
  5 hobgoblins
  9 kobolds
  6 quokkas
  3 frilled lizards
  5 rats
141 creatures vanquished.

Vanquished Creatures (collateral kills)
  A centaur warrior (D:10)
  Pikel (D:5)
  Joseph (D:7)
  A troll (D:8)
  3 yaks
  Edmund (D:5)
  An ice beast (D:5)
  A lemure (D:5)
  A kobold brigand (D:10)
  A howler monkey (D:5)
  3 jellies
  An orc priest (D:6)
  An orc wizard (D:7)
  Robin (D:3)
  2 gnolls (D:8)
  A white imp (D:7)
  2 orcs (D:6)
  A goblin (D:3)
  2 kobolds (D:10)
26 creatures vanquished.

Grand Total: 167 creatures vanquished

Notes
Turn   | Place    | Note
-------+----------+-------------------------------------------
     0 | D:1      | grandjackal the Demonspawn Gladiator began the quest for
                  | the Orb.
     0 | D:1      | Reached XP level 1. HP: 16/16 MP: 1/1
    60 | D:1      | Found Cetesch's Antique Weapon Boutique.
   113 | D:1      | Gained mutation: You are partially covered in molten
                  | scales. (AC +2) [demonic ancestry]
   113 | D:1      | Reached XP level 2. HP: 22/22 MP: 2/2
   152 | D:1      | Found a faded altar of an unknown god.
   914 | D:2      | Gained mutation: A weak demonic guardian rushes to your
                  | aid. [demonic ancestry]
   914 | D:2      | Reached XP level 3. HP: 28/28 MP: 3/3
  1224 | D:2      | Found Vuco's Book Shop.
  1647 | D:3      | Reached skill level 3 in Fighting
  1853 | D:3      | Reached XP level 4. HP: 35/35 MP: 4/4
  2228 | D:3      | Noticed Natasha
  2243 | D:3      | Killed Natasha
  2244 | D:3      | Reached skill level 1 in Shields
  2297 | D:3      | Noticed Natasha
  2307 | D:3      | Killed Natasha
  2451 | D:3      | Noticed Robin
  2467 | D:3      | Killed Robin
  2468 | D:3      | Gained mutation: A demonic guardian rushes to your aid.
                  | [demonic ancestry]
  2468 | D:3      | Reached XP level 5. HP: 25/41 MP: 5/5
  2598 | D:3      | Noticed Natasha
  2608 | D:3      | Killed Natasha
  2986 | D:4      | Noticed a black bear
  2997 | D:4      | Killed a black bear
  2998 | D:4      | Reached skill level 4 in Fighting
  2998 | D:4      | Gained mutation: You regenerate a little health from kills.
                  | [demonic ancestry]
  2998 | D:4      | Reached XP level 6. HP: 29/48 MP: 6/6
  3496 | D:5      | Entered Level 5 of the Dungeon
  3531 | D:5      | Noticed Eustachio
  3553 | D:5      | Killed Eustachio
  3613 | D:5      | Found a bloodstained altar of Trog.
  3634 | D:5      | Gained mutation: A powerful demonic guardian rushes to your
                  | aid. [demonic ancestry]
  3634 | D:5      | Reached XP level 7. HP: 53/55 MP: 7/7
  3817 | D:5      | Noticed Edmund
  3832 | D:5      | Killed Edmund
  3833 | D:5      | Reached skill level 5 in Fighting
  3833 | D:5      | Reached skill level 5 in Long Blades
  3966 | D:5      | Noticed Pikel
  3996 | D:5      | Killed Pikel
  3997 | D:5      | Reached skill level 6 in Fighting
  3997 | D:5      | Gained mutation: You have a pair of small horns on your
                  | head. [demonic ancestry]
  3997 | D:5      | Reached XP level 8. HP: 59/64 MP: 8/8
  4047 | D:5      | Found a stormy altar of Qazlal.
  4402 | D:6      | Found a runed translucent door.
  4402 | D:6      | Noticed DaftaChap's ghost (novice GnCA)
  4414 | D:6      | Identified the +9 hand axe "Yjeluat" {flame, rN+++ Int+4}
  4484 | D:6      | Reached skill level 5 in Shields
  4536 | D:6      | Found a sparkling altar of Nemelex Xobeh.
  4546 | D:6      | Reached skill level 1 in Axes
  4575 | D:6      | Found an ancient bone altar of Kikubaaqudgha.
  4726 | D:6      | Found a staircase to the Ecumenical Temple.
  4749 | D:6      | Reached skill level 7 in Fighting
  4760 | D:6      | Gained mutation: You are mostly covered in molten scales.
                  | (AC +3) [demonic ancestry]
  4760 | D:6      | Reached XP level 9. HP: 24/72 MP: 9/9
  4918 | Temple   | Entered the Ecumenical Temple
  5148 | D:6      | Found a radiant altar of Vehumet.
  5262 | D:7      | Noticed Joseph
  5271 | D:7      | Killed Joseph
  5438 | D:7      | Reached skill level 8 in Fighting
  5500 | D:7      | Noticed gosagan's ghost (novice DgHu)
  5526 | D:7      | Found a transporter.
  5530 | D:7      | Found a transporter.
  5760 | D:7      | Found a broken altar of Ashenzari.
  5833 | D:7      | Found a hazy altar of Hepliaklqana.
  5858 | D:7      | Found a hide-covered altar of Uskayaw.
  5903 | D:8      | Noticed a two-headed ogre
  5989 | D:8      | You fall into a shaft and drop 1 floor!
  6115 | D:8      | Noticed a troll
  6358 | D:9      | Reached skill level 5 in Axes
  6508 | D:9      | Gained mutation: You regenerate health from kills. [demonic
                  | ancestry]
  6508 | D:9      | Reached XP level 10. HP: 40/82 MP: 10/10
  7191 | D:8      | Reached skill level 9 in Fighting
  7220 | D:8      | Killed a two-headed ogre
  7664 | D:5      | Became a worshipper of Qazlal Stormbringer
  7957 | D:10     | Entered Level 10 of the Dungeon
  7986 | D:10     | Noticed a deep elf pyromancer
  7993 | D:10     | Killed a deep elf pyromancer
  7994 | D:10     | Reached skill level 1 in Invocations
  8045 | D:10     | Noticed a centaur warrior
  8055 | D:10     | Noticed a gargoyle
  8056 | D:10     | Killed a centaur warrior
  8193 | D:10     | Killed a gargoyle
  8209 | D:10     | Noticed a gargoyle
  8427 | D:10     | Killed from afar by a gargoyle

Illustrated notes

Levels and vault maps discovered:
D:1:      dpeg_arrival_subterranean_lakeside_camping, layout_loops_ring,
          serial_shops, nicolae_square_shop, ebering_ecumenical_altar_box
D:2:      layout_basic, serial_shops, shop
D:3:      minmay_door_path, layout_loops_cross, uniq_robin, uniq_natasha
D:4:      layout_loops_cross
D:5:      layout_basic, lemuel_round_altar, nicolae_qazlal_general_emergency,
          uniq_edmund, uniq_eustachio, uniq_pikel
D:6:      layout_basic, general_overflow_altar, lemuel_crystal_altar,
          lemuel_tele_altar, old_standard_altar,
          minmay_temple_entry_purple_smoke, hellmonk_ghost_happy_afterlife
D:7:      layout_rooms, mainiacjoe_overflow_cross_hatched,
          mainiacjoe_overflow_swirl, gammafunk_ghost_hive, uniq_joseph
D:8:      layout_loops_ring, serial_demonic, serial_demonic_b, serial_demonic_c,
          serial_demonic_c, serial_demonic_f, serial_demonic_e,
          serial_demonic_e, nicolae_fountain_basement
D:9:      layout_roguey
D:10:     layout_rooms, david_lair_shrubbed, kennysheep_generic_room_5
Temple:   compressed_dpeg_triangle_lava_temple

Skill      XL: |  1  2  3  4  5  6  7  8  9 10 |
---------------+-------------------------------+-----
Throwing       | 2 |  2.0
Long Blades    | 3 4 6 |  6.0
Dodging        | 3 |  3.0
Fighting       | 3 4 6 7 8 9 |  9.9
Shields        | 1 2 3 4 5 7 8 |  8.4
Axes           | 2 5 6 |  6.7
Invocations    | 4 |  4.4

Action                     |  1- 3 |  4- 6 |  7- 9 | 10-12 || total
---------------------------+-------+-------+-------+-------++-------
  Melee: Long sword        |    43 |       |       |       ||    43
         Dagger            |    96 |   129 |    40 |       ||   265
         Punch             |     7 |     9 |    13 |     3 ||    32
         Hand axe          |       |       |   130 |    89 ||   219
         Headbutt          |       |       |    28 |    22 ||    50
    Use: Scroll            |       |       |     5 |     2 ||     7
         Potion            |       |       |       |     1 ||     1
   Stab: Sleeping          |     1 |       |       |       ||     1
         Distracted        |     1 |       |     1 |       ||     2
 Armour: Leather armour    |    53 |       |       |       ||    53
         Ring mail         |    15 |   101 |   154 |    92 ||   362
  Dodge: Dodged            |    65 |    93 |   114 |    56 ||   328
  Block: Kite shield       |       |       |       |    38 ||    38

Table legend: (Time is in decaauts)
 A = Elapsed time spent in this place.
 B = Non-inter-level travel time spent in this place.
 C = Inter-level travel time spent in this place.
 D = Time resting spent in this place.
 E = Time spent auto-exploring this place.
 F = Levels seen in this place.
 G = Mean time per level.
                   A        B        C        D        E       F      G
               +--------+--------+--------+--------+--------+-----+--------+
         Total |   8456 |   7870 |    586 |   1905 |   4597 |  11 |  768.7 |
       Dungeon |   8414 |   7828 |    586 |   1905 |   4597 |  10 |  841.4 |
        Temple |     42 |     42 |      0 |      0 |      0 |   1 |   42.0 |
               +--------+--------+--------+--------+--------+-----+--------+

Top non-repeatable levels by time:
     D:3: 1175 daAuts
     D:9: 1146 daAuts
     D:8: 1004 daAuts
     D:6: 955 daAuts
     D:7: 828 daAuts
     D:4: 807 daAuts
     D:5: 804 daAuts
     D:2: 784 daAuts
     D:1: 737 daAuts
    D:10: 170 daAuts
  Temple: 42 daAuts
